AoeStats
← Nurdean_

Arena

510339151Analyzed
1v1 RM · 3d ago on Sep 30, 2026· 52m 24s· 2 players
Game mode
Random Map
Map size
Tiny (2 player)
Population
200
Speed
Normal
Resources
Standard
Victory
Conquest
Starting age
Dark Age
Ending age
Imperial Age
RankedLock teamsTeams togetherTeam positionsShared explorationLock speedFull tech treeHidden civsTurbo modeCheats
Victory
Defeat
🇨🇱 Bengalis · Chile
911
+18
🇨🇭 Mongols · Switzerland
945
-18
Galoistheory
10:29 Feudal Age
14:42 Castle Age
12:56 Double-Bit Axe
15:24 Loom
18:06 Bow Saw
20:18 Wheelbarrow
19:40 Town Watch
20:19 Horse Collar
22:59 Hand Cart
26:28 Husbandry
26:39 Bloodlines
27:30 Gold Mining
27:42 Heavy Plow
29:20 Forging
29:16 Scale Barding Armor
32:44 Imperial Age
30:58 Gold Shaft Mining
30:13 Stone Mining
31:30 Iron Casting
31:15 Chain Barding Armor
31:39 Paiks
32:04 Devotion
32:18 Fervor
32:26 Town Patrol
32:46 Fletching
33:16 Chain Barding Armor
35:33 Two-Man Saw
35:05 Crop Rotation
35:42 Guilds
40:30 Plate Barding Armor
40:56 Blast Furnace
39:52 Bodkin Arrow
42:17 Masonry
42:14 Siege Engineers
43:38 Chemistry
43:42 Sanctity
43:48 Faith
43:48 Block Printing
43:32 Herbal Medicine
43:16 Elite Battle Elephant
44:45 Conscription
44:12 Elite Skirmisher
46:56 Illumination
47:07 Theocracy
47:34 Mahayana
Nurdean_
12:14 Feudal Age
17:22 Castle Age
15:41 Fletching
15:52 Padded Archer Armor
16:30 Double-Bit Axe
17:59 Bloodlines
19:06 Bow Saw
19:02 Loom
21:24 Town Watch
22:17 Elite Skirmisher
25:18 Husbandry
27:12 Horse Collar
27:59 Gold Mining
31:24 Wheelbarrow
31:02 Heavy Plow
32:30 Scale Barding Armor
32:36 Forging
34:07 Gold Shaft Mining
36:21 Imperial Age
34:02 Bodkin Arrow
35:12 Chain Barding Armor
35:03 Forging
35:15 Thumb Ring
36:37 Heavy Camel Rider
37:40 Light Cavalry
38:49 Hand Cart
42:04 Gold Shaft Mining
42:04 Stone Mining
43:32 Iron Casting
46:02 Blast Furnace
46:38 Hussar
Connection lost

Rejoining the realm…

Still unreachable

The connection could not be restored.

Session expired

The server has moved on; the page needs a fresh start.